 Dungeon Crawl Stone Soup version 0.29.0-4-gdea44cf6ec (webtiles) character file.

Game seed: 13388018290034394563

91 qw the Chopper (level 4, -1/26 HPs)
             Began as a Tengu Warper on Aug 28, 2022.
             Killed by nerve-wracking pain
             ... invoked by an orc priest
              (2 damage)
             ... on level 4 of the Dungeon.
             The game lasted 00:00:18 (3083 turns).

qw the Chopper (Tengu Warper)                       Turns: 3083, Time: 00:00:19

Health: -1/26      AC:  9    Str: 14    XL:     4   Next: 57%
Magic:  8/8        EV: 10    Int: 13    God:
Gold:   147        SH:  0    Dex: 19    Spells: 7/7 levels left

rFire   . . .      SeeInvis .   Y - +2 hand axe (vorpal)
rCold   . . .      Faith    .   (no shield)
rNeg    . . .      Spirit   .   k - +0 scale mail
rPois   .          Reflect  .   (helmet restricted)
rElec   .          Harm     .   (no cloak)
rCorr   .          Rampage  .   j - +2 pair of gloves
Will    .....                   (boots unavailable)
Stlth   ..........              (no amulet)
HPRegen 0.08/turn               e - +6 ring of dexterity
MPRegen 0.11/turn               (no ring)

@: no status effects
A: beak, talons 3
a: no special abilities


You were on level 4 of the Dungeon.
You visited 1 branch of the dungeon, and saw 4 of its levels.

You collected 147 gold pieces.


Innate Abilities, Weirdness & Mutations

You have a beak for a mouth.
You have claws for feet.


   Skills:
 - Level 2.0 Fighting
 + Level 5.1 Axes
 - Level 1.0 Throwing
 - Level 1.1 Armour
 - Level 2.1 Dodging
 - Level 2.0 Spellcasting
 - Level 2.4 Translocations


You had 7 spell levels left.
You didn't know any spells.
Your spell library contained the following spells:

 Spells                   Type           Power      Damage    Failure   Level
 Blink                    Tloc           14%        N/A       54%         2
 Gell's Gravitas          Tloc           7%         N/A       77%         3
 Lesser Beckoning         Tloc           7%         N/A       77%         3
 Teleport Other           Tloc           7%         N/A       77%         3
 Manifold Assault         Tloc           7%         N/A       100%        5

Inventory:

Hand Weapons
 m - a +0 flail
 Y - a +2 vorpal hand axe (weapon)
Armour
 j - a +2 pair of gloves (worn)
 k - a +0 scale mail (worn)
Jewellery
 e - a +6 ring of dexterity (left hand)
Scrolls
 a - a scroll of identify
Potions
 b - a potion of berserk rage {unknown}
 c - a potion of heal wounds {unknown}
 d - a potion of degeneration {unknown}
 g - a potion of attraction {unknown}
 h - 2 potions of curing
 i - a potion of mutation {unknown}

Dungeon Overview and Level Annotations

Branches:
Dungeon (4/15)
 Temple: D:4-7

Altars:
Cheibriados


Message History

You kill the orc! 2 orcs come into view.
The orc shouts!
The orc priest shouts!
You hear a shout!
A hobgoblin comes into view.
The orc barely misses you.
You hear a shout!
Things that are here:
a +0 whip; a +0 ring mail
2974 ||| Stepping ~*~*~tactically~*~*~ (hiding).
The orc attacks as you move away! The orc barely misses you.
An ogre comes into view. It is wielding a +0 giant club.
There is a stone staircase leading up here.
2976 ||| STAIRDANCE You climb upwards.
There is a stone staircase leading down here.
You completely miss the orc. The orc barely misses you.
You hit the orc. You claw the orc, but do no damage.
The orc is heavily wounded.
The orc misses you.
You hit the orc.
You kill the orc!
You start waiting.
Done waiting.
Done exploring.
(D) Dungeon
Where to? (* - list waypoints, Enter - D:4, ? - help)
What level of the Dungeon? (default 1, ? - help)
You climb downwards.
The orc closely misses you.
The ogre hits you with a +0 giant club!!
Ouch! That really hurt!
The orc hits you with a +0 hand axe.
There is a stone staircase leading up, spattered with blood here.
You barely miss the ogre. You claw the ogre.
The ogre is lightly wounded.
You hit the orc but do no damage. The ogre barely misses you.
The orc priest invokes the aid of Beogh against you.
Pain shoots through your body!
You die...

#########
.......# #>#....#
. #.#....##.#
#.........#
#.o.#....##
#.#@.......
....oo..#.O.##...
o.......#...#
.go.......#.#
........o##.#
###......# .#
#....... .#
#....#..


You could see an ogre, an orc priest and an orc.

Vanquished Creatures
  An adder (D:3)
  2 worms
  2 dart slugs (D:1)
  7 orcs
  An endoplasm (D:1)
  5 giant cockroaches
  3 goblins
  14 hobgoblins
  2 kobolds
  4 quokkas
  8 ball pythons
  4 bats
  2 frilled lizards
  5 rats
60 creatures vanquished.

Notes
Turn   | Place    | Note
-------+----------+-------------------------------------------
     0 | D:1      | qw the Tengu Warper began the quest for the Orb.
     0 | D:1      | Reached XP level 1. HP: 12/12 MP: 4/4
     0 | D:1      | 0 ||| qw: Version: 0.1-a-89-g26bdef1
     0 | D:1      | 0 ||| qw: Game counter: 1674
     0 | D:1      | 0 ||| qw: Always use a shield: true
     0 | D:1      | 0 ||| qw: God list: Okawaru
     0 | D:1      | 0 ||| qw: Allow faded altars: false
     0 | D:1      | 0 ||| qw: Do Orc after D:15 true
     0 | D:1      | 0 ||| qw: Do second Lair branch before Depths: true
     0 | D:1      | 0 ||| qw: Lair rune preference: random
     0 | D:1      | 0 ||| qw: Plans: Normal
     0 | D:1      | 0 ||| PLANNING D:1-11
    94 | D:1      | 94 ||| Stepping ~*~*~tactically~*~*~ (stealth).
   189 | D:1      | Reached XP level 2. HP: 17/17 MP: 6/6
   201 | D:1      | Reached skill level 3 in Axes
   287 | D:1      | 287 ||| Stepping ~*~*~tactically~*~*~ (hiding).
   664 | D:1      | Reached XP level 3. HP: 21/21 MP: 7/7
   725 | D:1      | 725 ||| Stepping ~*~*~tactically~*~*~ (hiding).
   827 | D:1      | 827 ||| Stepping ~*~*~tactically~*~*~ (hiding).
   997 | D:1      | Reached skill level 4 in Axes
  1266 | D:1      | 1266 ||| UPGRADING to +0 ring mail.
  1276 | D:1      | 1276 ||| DROPPING +0 leather armour.
  1277 | D:1      | 1277 ||| READING 2 scrolls labelled BETITUDUIN.
  1278 | D:1      | 1278 ||| READING scroll labelled GIGOHOWKERGH.
  1279 | D:1      | 1279 ||| READING scroll labelled ZUNAER VOACA.
  1280 | D:1      | 1280 ||| DROPPING scroll of blinking.
  1771 | D:2      | 1771 ||| Stepping ~*~*~tactically~*~*~ (stealth).
  1845 | D:2      | 1845 ||| Stepping ~*~*~tactically~*~*~ (stealth).
  2034 | D:2      | 2034 ||| UPGRADING to +0 scale mail.
  2044 | D:2      | 2044 ||| DROPPING +0 ring mail.
  2045 | D:2      | 2045 ||| UPGRADING to +6 ring of dexterity.
  2046 | D:2      | 2046 ||| READING 2 scrolls labelled QIAT HEJYTOIR.
  2047 | D:2      | 2047 ||| READING scroll labelled GUUM OSISTEZ.
  2051 | D:2      | 2051 ||| DRINKING 2 fuming dark potions.
  2084 | D:2      | 2084 ||| DRINKING 2 clear potions.
  2085 | D:2      | 2085 ||| DROPPING potion of lignification.
  2146 | D:1      | 2146 ||| Stepping randomly (stuck).
  2171 | D:3      | Found a snail-covered altar of Cheibriados.
  2190 | D:3      | Reached XP level 4. HP: 23/26 MP: 8/8
  2258 | D:3      | 2258 ||| DROPPING +0 club.
  2320 | D:3      | 2320 ||| Stepping ~*~*~tactically~*~*~ (stealth).
  2449 | D:3      | 2449 ||| SWAPPING to +2 vorpal hand axe.
  2450 | D:3      | 2450 ||| DROPPING +0 mace.
  2451 | D:3      | 2451 ||| DROPPING +0 hand axe.
  2459 | D:3      | Reached skill level 5 in Axes
  2465 | D:3      | 2465 ||| READING scroll labelled AHAUJI MON.
  2467 | D:3      | 2467 ||| READING scroll of teleportation.
  2468 | D:3      | 2468 ||| FLEEEEING.
  2469 | D:3      | 2469 ||| FLEEEEING.
  2511 | D:3      | 2511 ||| UPGRADING to +0 pair of gloves.
  2516 | D:3      | 2516 ||| READING scroll of enchant armour.
  2516 | D:3      | 2516 ||| ENCHANTING +0 pair of gloves.
  2642 | D:3      | 2642 ||| READING scroll of enchant armour.
  2642 | D:3      | 2642 ||| ENCHANTING +1 pair of gloves.
  2761 | D:4      | 2761 ||| Stepping ~*~*~tactically~*~*~ (stealth).
  2763 | D:4      | 2763 ||| FLEEEEING.
  2765 | D:4      | 2765 ||| STAIRDANCE
  2974 | D:4      | 2974 ||| Stepping ~*~*~tactically~*~*~ (hiding).
  2974 | D:4      | Noticed an ogre
  2976 | D:4      | 2976 ||| STAIRDANCE
  3082 | D:4      | HP: 3/26 [ogre/+0 giant club (23)]
  3082 | D:4      | HP: 1/26 [orc/+0 hand axe (2)]
  3083 | D:4      | Killed from afar by an orc priest

Levels and vault maps discovered:
D:1:      spicycebolla_arrival_ecumenical, layout_basic
D:2:      layout_loops_ring
D:3:      layout_rooms, mainiacjoe_overflow_tiny_flanked, wad_orctagon
D:4:      layout_basic, uniq_blork_the_orc, uniq_menkaure, uniq_natasha

Skill      XL: |  1  2  3  4 |
---------------+-------------+-----
Axes           | 3 4 5 |  5.1
Fighting       | |  2.0
Throwing       | |  1.0
Armour         | |  1.1
Dodging        | |  2.1
Spellcasting   | |  2.0
Translocations | |  2.4

Action                   |  1- 3 |  4- 6 || total
-------------------------+-------+-------++-------
Melee: Hand axe          |    93 |    31 ||   124
       Kick              |    24 |    11 ||    35
       Peck              |    17 |     4 ||    21
       Punch             |     1 |       ||     1
Throw: Boomerang         |     7 |       ||     7
  Use: Scroll            |     5 |     4 ||     9
       Potion            |     2 |       ||     2
Armor: Leather armour    |    10 |       ||    10
       Ring mail         |     4 |       ||     4
       Scale mail        |     3 |    11 ||    14
Dodge: Dodged            |    40 |    16 ||    56

Table legend:
 A = Non-vault XP
 B = Vault XP
 C = Vault XP percentage of total XP
 D = Non-vault monster count
 E = Vault monster count
 F = Vault count percentage of total count
                 A         B        C        D         E       F
            +---------+---------+-------+---------+---------+-------
      Total |     118 |      12 |   9.2 |      56 |       4 |   6.7
            +---------+---------+-------+---------+---------+-------
        D:1 |      53 |       0 |   0.0 |      29 |       0 |   0.0
        D:2 |      21 |       0 |   0.0 |      11 |       0 |   0.0
        D:3 |      41 |      12 |  22.6 |      15 |       4 |  21.1
        D:4 |       3 |       0 |   0.0 |       1 |       0 |   0.0
            +---------+---------+-------+---------+---------+-------
